 Dungeon Crawl Stone Soup version 0.31-a0-4-gefa6de2278 (webtiles) character file.

Game seed: 9790292162248481326

93 subawu the Shooter (level 4, -15/37 HPs)
             Began as a Minotaur Hunter on May 3, 2023.
             Killed by an exploding orc (17 damage)
             ... ignited by their inner flame
             ... on level 5 of the Dungeon.
             The game lasted 00:16:59 (3087 turns).

subawu the Shooter (Minotaur Hunter)                Turns: 3087, Time: 00:17:00

Health: -15/37     AC:  6    Str: 18    XL:     4   Next: 37%
Magic:  12/12      EV: 10    Int:  6    God:
Gold:   176        SH:  0    Dex: 13    Spells: 3/3 levels left

rFire   . . .        s - +0 longbow (freeze)
rCold   . . .        (shield currently unavailable)
rNeg    . . .        n - +0 scale mail
rPois   .            (helmet restricted)
rElec   .            (no cloak)
rCorr   .            (no gloves)
SInv    .            (no boots)
Will    .....        d - amulet of magic regeneration Stlth
                     t - ring of magical power
HPRegen 0.26/turn    (no ring)
MPRegen 0.53/turn

%: no passive effects
@: no status effects
A: horns 2, retaliatory headbutt
a: no special abilities


You were on level 5 of the Dungeon.
You visited 1 branch of the dungeon, and saw 5 of its levels.

You collected 176 gold pieces.

Inventory:

Hand Weapons
 a - a +1 shortbow
 f - a +0 dagger
 g - a +0 dagger
 h - the +1 flail of Xodowuf {heavy, rC++ Will+}
   (You found it on level 2 of the Dungeon)

   rC:        It greatly protects you from cold.
   Will:      It increases your willpower.
 i - a +1 dagger of venom
 j - a +0 spear
 k - a +0 club
 l - a +0 hand axe
 m - a +0 dagger
 p - a +0 dagger
 r - a +0 dagger
 s - a +0 longbow of freezing (weapon)
 v - a +0 sling
 y - a +0 executioner's axe
 D - a +0 dagger of venom
Missiles
 e - 31 stones
 o - 2 poisoned darts
Armour
 c - a +0 leather armour
 n - a +0 scale mail (worn)
 w - a +0 ring mail
 B - a +0 helmet
 C - a +0 ring mail
Jewellery
 d - an amulet of magic regeneration (around neck)
 t - a ring of magical power (left hand)
Scrolls
 x - 2 scrolls of identify
 A - a scroll of teleportation {unknown}
Potions
 q - 2 potions of ambrosia
 u - 2 potions of brilliance {unknown}
 z - a potion of lignification {unknown}


   Skills:
 + Level 2.8 Fighting
 + Level 5.8 Ranged Weapons
 + Level 1.8 Armour
 + Level 2.6 Dodging
 + Level 0.8 Stealth


You had 3 spell levels left.
You didn't know any spells.
Your spell library contained the following spells:

 Spells                   Type           Power      Damage    Failure   Level
 Foxfire                  Conj/Fire      0%         2x1d4     85%         1
 Summon Small Mammal      Summ           0%         N/A       85%         1
 Cigotuvi's Dreadful Rot  Necr/Pois/Air  0%         N/A       94%         2
 Lesser Beckoning         Tloc           0%         N/A       94%         2
 Call Canine Familiar     Summ           0%         N/A       99%         3
 Gell's Gravitas          Tloc           0%         N/A       99%         3
 Summon Guardian Golem    Hex/Summ       0%         N/A       99%         3
 Teleport Other           Tloc           0%         N/A       99%         3
 Tukima's Dance           Hex            0%         N/A       99%         3
 Dispel Undead            Necr           0%         3d6       100%        4
 Passage of Golubria      Tloc           0%         N/A       100%        4
 Fireball                 Conj/Fire      0%         3d3       100%        5
 Silence                  Hex/Air        0%         N/A       100%        5
 Yara's Violent Unravell  Hex/Tmut       0%         3d3       100%        5
 Death Channel            Necr           0%         N/A       100%        6
 Plasma Beam              Fire/Air       0%         2x1d11    100%        6
 Starburst                Conj/Fire      0%         6d3       100%        6
 Lehudib's Crystal Spear  Conj/Erth      0%         10d2      100%        8


Dungeon Overview and Level Annotations

Branches:
Dungeon (5/15)
 Temple: D:4-7

Altars:
Nemelex Xobeh

Shops:
D:3 [


Innate Abilities, Weirdness & Mutations

You have a pair of horns on your head.
You reflexively headbutt those who attack you in melee.


Message History

The orc barely misses you.
You shoot an arrow. The arrow hits the orc.
The arrow freezes the orc.
You kill the orc!
The orc misses you. The orc hits you with a +0 whip.
You shoot an arrow. The arrow hits the orc.
The arrow freezes the orc.
The orc is heavily wounded.
The orc closely misses you. The orc hits you with a +0 flail.
The orc hits you but does no damage. x3; The orc closely misses you.
You shoot an arrow. The arrow hits the orc.
The arrow freezes the orc.
You kill the orc!
The orc misses you. The orc hits you with a +0 flail.
You shoot an arrow. The arrow hits the orc.
The arrow freezes the orc.
The orc is almost dead.
The orc hits you with a +0 whip. The orc hits you but does no damage.
The orc closely misses you. The orc barely misses you. You furiously retaliate!
You headbutt the orc. The orc hits you with a +0 flail.
The orc hits you with a +0 club.
You shoot an arrow. The arrow hits the orc.
The arrow freezes the orc.
You kill the orc!
The orc hits you with a +0 whip. The orc hits you with a +0 flail.
* * * LOW HITPOINT WARNING * * *
Read: scroll of immolation
Press: ? - help, Q - select action, (/) - cycle Dir - look around, f - activate Look: an orc, wielding a +0 whip (heavily wounded, susceptible)
As you read the scroll of immolation, it crumbles to dust.
The creatures around you are filled with an inner flame!
The orc hits you with a +0 whip.
* * * LOW HITPOINT WARNING * * *
The orc hits you with a +0 flail.
* * * LOW HITPOINT WARNING * * *
The orc hits you with a +0 whip.
* * * LOW HITPOINT WARNING * * *
The orc hits you but does no damage.
You climb downwards.
Found 6 stones.
There is a stone staircase leading up here.
You shoot an arrow. The arrow hits the orc.
The arrow freezes the orc.
The orc explodes!
The fiery explosion engulfs you!
You die...

..#
..#
..#
#.#
#.#
#.#
#o#
#@#
#)#
#ยงยง
#.##
..(
#..
#..
..##


You could see an orc (inner flame).

Vanquished Creatures
  2 adders
  2 worms (D:3)
  2 dart slugs
  4 orcs
  4 bats
  8 endoplasms
  A giant cockroach (D:3)
  5 goblins
  3 hobgoblins
  6 kobolds
  6 quokkas
  6 ball pythons
  5 frilled lizards
  3 rats
57 creatures vanquished.

Notes
Turn   | Place    | Note
-------+----------+-------------------------------------------
     0 | D:1      | subawu the Minotaur Hunter began the quest for the Orb.
     0 | D:1      | Reached XP level 1. HP: 18/18 MP: 0/0
   440 | D:1      | Reached XP level 2. HP: 25/25 MP: 1/1
   653 | D:1      | Reached skill level 5 in Ranged Weapons
  1496 | D:2      | Identified the +1 flail of Xodowuf {heavy, rC++ Will+}
  1499 | D:2      | Reached skill level 1 in Armour
  1499 | D:2      | Reached XP level 3. HP: 9/30 MP: 2/2
  1501 | D:2      | HP: 1/30 [constriction (1)]
  1938 | D:2      | Identified a scroll of acquirement
  1938 | D:2      | Acquired a +0 longbow of freezing
  2502 | D:3      | Found a faded altar of an unknown god.
  2533 | D:3      | Reached XP level 4. HP: 36/37 MP: 3/3
  2655 | D:3      | Found Caonipp's Antique Armour Boutique.
  3027 | D:4      | Found a sparkling altar of Nemelex Xobeh.
  3086 | D:5      | Entered Level 5 of the Dungeon
  3087 | D:5      | Killed by an exploding orc... ignited by their inner flame

Illustrated notes

Levels and vault maps discovered:
D:1:      nzn_arrival_depleted_hourglass, layout_basic, roderic_roman_lattice,
          minivault_4, minmay_misc_feat_more_columns, corexii_hall_statues_t
D:2:      layout_rooms, grunt_decor_cap
D:3:      layout_rooms, hellmonk_ecumenical_altar_zigzags, serial_shops, shop
D:4:      layout_cave_pools, mainiacjoe_overflow_concentric_impassable,
          minmay_misc_feat_iff
D:5:      layout_basic, dk_noncrumbling_4, uniq_duvessa, uniq_edmund,
          uniq_eustachio

Skill      XL: |  1  2 |
---------------+-------+-----
Ranged Weapons | 5 |  5.8
Armour         | 1 |  1.8
Fighting       | |  2.8
Dodging        | |  2.6
Stealth        | |  0.8

Action                     |  1- 3 |  4- 6 || total
---------------------------+-------+-------++-------
  Melee: Hand axe          |    14 |       ||    14
         Headbutt          |     2 |       ||     2
   Fire: Shortbow          |    42 |       ||    42
         Longbow           |    23 |    35 ||    58
  Throw: Stone             |     2 |       ||     2
    Use: Scroll            |     4 |     3 ||     7
         Potion            |     2 |       ||     2
 Armour: Leather armour    |    13 |       ||    13
         Scale mail        |    42 |    26 ||    68
  Dodge: Dodged            |    71 |    27 ||    98

Table legend: (Time is in decaauts)
 A = Elapsed time spent in this place.
 B = Non-inter-level travel time spent in this place.
 C = Inter-level travel time spent in this place.
 D = Time resting spent in this place.
 E = Time spent auto-exploring this place.
 F = Levels seen in this place.
 G = Mean time per level.
                   A        B        C        D        E       F      G
               +--------+--------+--------+--------+--------+-----+--------+
         Total |   3133 |   2615 |    518 |    110 |     37 |   5 |  626.6 |
       Dungeon |   3133 |   2615 |    518 |    110 |     37 |   5 |  626.6 |
               +--------+--------+--------+--------+--------+-----+--------+

Top non-repeatable levels by time:
     D:1: 1502 daAuts
     D:2: 897 daAuts
     D:3: 618 daAuts
     D:4: 113 daAuts
     D:5: 0 daAuts
